 Dungeon Sprint DCSS version 0.24-a0-130-ga3c21ff (webtiles) character file.

Game seed: 13132951736727696102

368 Faca the Spear-Bearer (level 6, -1/61 HPs)
             Began as a Merfolk Gladiator on Feb 26, 2019.
             Was a Believer of Uskayaw.
             Slain by a hornet (4 damage)
             ... in the Dungeon (Sprint IX: "|||||||||||||||||||||||||||||").
             The game lasted 00:01:46 (309 turns).

Faca the Spear-Bearer (Merfolk Gladiator)            Turns: 309, Time: 00:01:47

Health: -1/61      AC: 12    Str: 17    XL:     6   Next: 69%
Magic:  6/6        EV: 15    Int: 11    God:    Uskayaw [**....]
Gold:   0          SH:  0    Dex: 17    Spells: 5/5 levels left

rFire    . . .     SeeInvis .   p - +2 halberd (protect)
rCold    . . .     Gourm    .   (shield currently unavailable)
rNeg     . . .     Faith    .   b - +0 leather armour
rPois    .         Spirit   .   c - +0 helmet
rElec    .         Reflect  .   q - +0 cloak
rCorr    .         Harm     .   (no gloves)
MR       .....     NoTele   +   (no boots)
Stlth    +.........             (no amulet)
HPRegen  0.20/turn              r - +3 ring of strength
MPRegen  0.10/turn              s - +3 ring of intelligence

@: lethally poisoned (-1 -> -3), protection aura, slowed, very slow
A: change form in water, swift swim, stealthy swim
a: Stomp, Line Pass, Renounce Religion


You were in the Dungeon.
You worshipped Uskayaw.
Uskayaw was noncommittal.
You were not hungry.

You visited 1 branch

Inventory:

Hand Weapons
 a - a +0 trident
 p - a +2 halberd of protection (weapon)
Missiles
 d - 3 throwing nets (quivered)
Armour
 b - a +0 leather armour (worn)
 c - a +0 helmet (worn)
 q - a +0 cloak (worn)
Jewellery
 r - a +3 ring of strength (left hand)
 s - a +3 ring of intelligence (right hand)
Wands
 o - a wand of acid (10)
Scrolls
 k - 2 scrolls of blinking
 m - 3 scrolls of remove curse
 n - 2 scrolls of amnesia
Potions
 e - 5 potions of curing
 g - 3 potions of heal wounds
 h - a potion of haste
 i - 4 potions of magic
 j - a potion of invisibility
Comestibles
 f - a ration
 l - a chunk of flesh


   Skills:
 + Level 10.5 Fighting
 + Level 13.7 Polearms
 - Level 2.2 Throwing
 - Level 5.3 Dodging


You had 5 spell levels left.
You didn't know any spells.
Your spell library was empty.

Dungeon Overview and Level Annotations

Branches:
Dungeon (1/1)

Altars:
Cheibriados
Dithmenos
Elyvilon
Fedhas
Gozag
Hepliaklqana
Kikubaaqudgha
Makhleb
Nemelex Xobeh
Okawaru
Qazlal
Ru
Sif Muna
Trog
Uskayaw
Vehumet
Wu Jian
Xom
Yredelemnul
Zin
The Shining One
Beogh
Jiyva
Lugonu


Message History

The hornet barely misses you.
The crimson imp picks up a beetle and eats it.
You hit the hornet.
Your weapon exudes an aura of protection.
The hornet is heavily wounded.
You feel sick. The hornet misses you.
The crimson imp blinks!
The hornet stings you!
* * * LOW HITPOINT WARNING * * *
You feel as though you will be slow longer.
You can now pass through a line of other dancers.
You completely miss the hornet.
The hornet is heavily wounded.
* * * LOW HITPOINT WARNING * * *
You feel sick. The hornet misses you.
The hornet stings you but does no damage.
You closely miss the hornet.
The hornet is heavily wounded.
The hornet stings you but does no damage.
The hornet stings you.
You die... ▓▓▓▓▓▓▓▓▓▓▓▓▓▓▓▓▓▓▓▓▓▓▓▓ .Z5cYay@..))()..[[.(|..' ▓▓▓▓▓▓▓▓▓▓▓▓▓▓▓▓▓▓▓▓▓▓▓▓

You could see a centaur warrior, a soldier ant, a hornet, a sky beast, a crimson imp and an adder zombie.

Vanquished Creatures
  An orc warrior (D)
  An ogre (D)
  A big kobold (D)
  A bullfrog (D)
  A hound (D)
  2 adders (D)
  2 orcs (D)
  3 bats (D)
  A bat zombie (D)
  A goblin (D)
  A hobgoblin (D)
  A jackal skeleton (D)
16 creatures vanquished.

Notes
Turn   | Place    | Note
-------+----------+-------------------------------------------
     0 | D        | Faca the Merfolk Gladiator began the quest for the Orb.
     0 | D        | Reached XP level 1. HP: 16/16 MP: 1/1
    10 | D        | Reached skill level 5 in Polearms
    18 | D        | Reached skill level 5 in Dodging
    20 | D        | Reached XP level 2. HP: 18/23 MP: 2/2
   103 | D        | Reached skill level 6 in Polearms
   104 | D        | Reached skill level 7 in Polearms
   104 | D        | Reached XP level 3. HP: 26/30 MP: 3/3
   135 | D        | Found a roughly hewn altar of Beogh.
   135 | D        | Found a snail-covered altar of Cheibriados.
   135 | D        | Found a shadowy altar of Dithmenos.
   135 | D        | Found a white marble altar of Elyvilon.
   135 | D        | Found a blossoming altar of Fedhas.
   135 | D        | Found an opulent altar of Gozag.
   136 | D        | Found a hazy altar of Hepliaklqana.
   137 | D        | Found a viscous altar of Jiyva.
   138 | D        | Found an ancient bone altar of Kikubaaqudgha.
   139 | D        | Found a corrupted altar of Lugonu.
   140 | D        | Found a burning altar of Makhleb.
   141 | D        | Found a sparkling altar of Nemelex Xobeh.
   142 | D        | Found an iron altar of Okawaru.
   143 | D        | Found a stormy altar of Qazlal.
   144 | D        | Found a sacrificial altar of Ru.
   145 | D        | Found a deep blue altar of Sif Muna.
   146 | D        | Found a bloodstained altar of Trog.
   147 | D        | Found a hide-covered altar of Uskayaw.
   148 | D        | Found a radiant altar of Vehumet.
   149 | D        | Found an ornate altar of the Wu Jian Council.
   150 | D        | Found a shimmering altar of Xom.
   151 | D        | Found a basalt altar of Yredelemnul.
   152 | D        | Found a glowing silver altar of Zin.
   153 | D        | Found a glowing golden altar of the Shining One.
   155 | D        | Became a worshipper of Uskayaw the Reveler
   241 | D        | Noticed an ogre
   241 | D        | Noticed a big kobold
   241 | D        | Noticed an orc warrior
   241 | D        | Noticed a bullfrog
   244 | D        | Reached * piety under Uskayaw
   246 | D        | Reached skill level 5 in Fighting
   246 | D        | Reached skill level 8 in Polearms
   246 | D        | Reached XP level 4. HP: 35/39 MP: 4/4
   247 | D        | Reached ** piety under Uskayaw
   248 | D        | Reached *** piety under Uskayaw
   249 | D        | Killed a bullfrog
   249 | D        | Reached skill level 10 in Polearms
   249 | D        | Reached XP level 5. HP: 40/48 MP: 5/5
   251 | D        | Reached **** piety under Uskayaw
   253 | D        | Killed an ogre
   253 | D        | Reached skill level 11 in Polearms
   253 | D        | Killed an orc warrior
   253 | D        | Reached skill level 13 in Polearms
   253 | D        | Reached XP level 6. HP: 51/60 MP: 6/6
   254 | D        | Reached ***** piety under Uskayaw
   255 | D        | Reached skill level 10 in Fighting
   299 | D        | Noticed a centaur warrior
   299 | D        | Noticed a sky beast
   299 | D        | Noticed a soldier ant
   299 | D        | Noticed a hornet
   300 | D        | Paralysed by a hornet for 2 turns
   308 | D        | HP: 3/61 [poisoned by a hornet]
   309 | D        | Slain by a hornet

Levels and vault maps discovered:
D:        linesprint [early_d, line_temple, items_1, d_10, items_2, lair_1,
          lair_end, items_3, orc_1, orc_end, items_4, d_15, swamp_1, shoals_1,
          snake_1, spider_1, d_20, vaults_1, items_5, swamp_end, shoals_end,
          snake_end, spider_end, vaults_end, d_27, items_6, zot_1, zot_end,
          crypt_end, forest_end, elf_end, slime_end, tomb_end, abyss_end,
          pan_hell_end]

Skill      XL: |  1  2  3  4  5  6 |
---------------+-------------------+-----
Polearms       | 5 7 8 10 13 | 13.7
Dodging        | 5 |  5.3
Fighting       | 4 5 7 9 10 | 10.5
Throwing       | |  2.2

Action                   |  1- 3 |  4- 6 || total
-------------------------+-------+-------++-------
Melee: Trident           |    40 |     9 ||    49
       Halberd           |       |     8 ||     8
  Use: Potion            |     1 |       ||     1
 Stab: Sleeping          |     1 |       ||     1
       Paralysed         |       |     1 ||     1
Armor: Leather armour    |    10 |     3 ||    13
Dodge: Dodged            |    23 |    12 ||    35

Table legend:
 A = Non-vault XP
 B = Vault XP
 C = Vault XP percentage of total XP
 D = Non-vault monster count
 E = Vault monster count
 F = Vault count percentage of total count
                 A         B        C        D         E       F
            +---------+---------+-------+---------+---------+-------
      Total |       0 |     526 | 100.0 |       0 |      16 | 100.0
            +---------+---------+-------+---------+---------+-------
          D |       0 |     526 | 100.0 |       0 |      16 | 100.0
            +---------+---------+-------+---------+---------+-------
